 Dungeon Crawl Stone Soup version 0.22-a0-113-gdd6f4a9 (webtiles) character file.

289 wvc the Cleaver (level 6, -4/51 HPs)
             Began as a Hill Orc Monk on Jan 28, 2018.
             Was a Believer of Beogh.
             Slain by an ogre
             ... wielding a +0 giant club
              (20 damage)
             ... on level 4 of the Dungeon.
             The game lasted 00:05:48 (3280 turns).

wvc the Cleaver (Hill Orc Monk)                     Turns: 3280, Time: 00:05:49

Health: -4/51      AC:  7    Str: 14    XL:     6   Next: 31%
Magic:  6/6        EV: 11    Int: 12    God:    Beogh [**....]
Gold:   113        SH:  0    Dex: 13    Spells: 5/5 levels left

rFire    . . .     SeeInvis .   a - +0 hand axe
rCold    . . .     Gourm    .   (no shield)
rNeg     . . .     Faith    .   h - +0 ring mail
rPois    .         Spirit   .   e - +1 helmet
rElec    .         Reflect  .   (no cloak)
rCorr    .         Harm     .   (no gloves)
MR       .....                  (no boots)
Stlth    +.........             (no amulet)
HPRegen  0.17/turn              (no ring)
MPRegen  0.10/turn              (no ring)

@: no status effects
A: no striking features
a: Smiting, Renounce Religion


You were on level 4 of the Dungeon.
You worshipped Beogh.
Beogh was pleased with you.
You were not hungry.

You visited 1 branch of the dungeon, and saw 4 of its levels.

You collected 113 gold pieces.

Inventory:

Hand Weapons
 a - a +0 hand axe (weapon)
Missiles
 b - 8 tomahawks (quivered)
 i - 8 curare-tipped needles
 k - 4 poisoned needles
Armour
 e - a +1 helmet (worn)
 h - a +0 ring mail (worn)
Scrolls
 d - a scroll of identify
 m - 5 scrolls of remove curse
Potions
 f - a potion of heal wounds {unknown}
 g - 4 potions of haste
 j - 2 potions of brilliance
 n - a potion of ambrosia {unknown}
 o - a potion of curing
 p - a potion of degeneration {unknown}
Comestibles
 c - 6 rations
 l - a chunk of flesh


   Skills:
 - Level 3.6 Fighting
 + Level 9.1 Axes
 - Level 2.4 Dodging
 - Level 1.5 Stealth


You had 5 spell levels left.
You didn't know any spells.

Dungeon Overview and Level Annotations

Branches:
Dungeon (4/15)
 Temple: D:4-7

Altars:


Message History

The adder is severely wounded.
The adder closely misses you.
You slash the adder!
You kill the adder!
Beogh accepts your kill.
You slash the ogre! The ogre hits you with a giant club!
You hit the ogre.
The ogre is moderately wounded.
You hit the ogre.
The ogre is heavily wounded.
The ogre hits you with a giant club!!
You hit the ogre.
The ogre is severely wounded.
The ogre closely misses you.
You barely miss the ogre.
The ogre is severely wounded.
You hit the ogre.
The ogre is severely wounded.
The ogre hits you with a giant club!!
You die...

#....#.##......<....
#.?.................
#....#.##...........
#......######...####
###.#### #....... .
#†# #...####
.|.####.# #...#
......O.# ##.#####
.....#)@# ####......
...≈
#.o#######.##.####.
...
#.......#...#.....>
..
#.^####............
.
#o.####........##..
#..##..............
#..##.#........##..
#..##.#............
#.......#..........


You could see an ogre, a neutral orc priest (wandering) and a neutral orc
(wandering).

Vanquished Creatures
  A scorpion (D:4)
  A howler monkey (D:4)
  An orc wizard (D:3)
  Terence (D:3)
  Robin (D:2)
  4 adders
  An ooze (D:2)
  An adder zombie (D:2)
  4 worms
  A leopard gecko (D:4)
  11 orcs
  A ball python (D:1)
  3 giant cockroaches (D:1)
  17 goblins
  5 hobgoblins
  4 jackals (D:2)
  3 quokkas (D:2)
  4 bats
  3 kobolds
  5 rats
72 creatures vanquished.

Notes
Turn   | Place    | Note
-------+----------+-------------------------------------------
     0 | D:1      | wvc the Hill Orc Monk began the quest for the Orb.
     0 | D:1      | Reached XP level 1. HP: 19/19 MP: 1/1
   399 | D:1      | Reached XP level 2. HP: 26/26 MP: 2/2
   537 | D:1      | Reached skill level 5 in Axes
   685 | D:2      | Reached XP level 3. HP: 28/31 MP: 3/3
   860 | D:2      | Noticed Robin
   863 | D:2      | Reached skill level 6 in Axes
  1217 | D:2      | Killed Robin
  1217 | D:2      | Reached XP level 4. HP: 4/39 MP: 4/4
  1217 | D:2      | HP: 1/39 [goblin[Robin] (3)]
  2036 | D:3      | Reached skill level 7 in Axes
  2070 | D:3      | Reached XP level 5. HP: 22/45 MP: 5/5
  2397 | D:3      | Noticed Terence
  2433 | D:3      | Killed Terence
  2822 | D:3      | Reached skill level 8 in Axes
  3172 | D:4      | Reached XP level 6. HP: 42/51 MP: 6/6
  3261 | D:4      | Became a worshipper of Beogh the Brigand
  3261 | D:4      | Reached * piety under Beogh
  3261 | D:4      | Reached ** piety under Beogh
  3267 | D:4      | Reached skill level 9 in Axes
  3280 | D:4      | Slain by an ogre

Vault maps used:
D:1:      nzn_arrival_crosshair, minmay_tetromino_l4
D:2:      uniq_robin
D:3:      uniq_terence
D:4:      cheibrodos_pilgrimage, serial_shops, shop

Skill      XL: |  1  2  3  4  5  6 |
---------------+-------------------+-----
Axes           | 5 6 7 8 9 |  9.1
Fighting       | |  3.6
Dodging        | |  2.4
Stealth        | |  1.5

Action                   |  1- 3 |  4- 6 || total
-------------------------+-------+-------++-------
Melee: Hand axe          |   112 |   212 ||   324
Throw: Tomahawk          |       |     1 ||     1
Invok: Convert to Beogh  |       |     1 ||     1
  Use: Potion            |     2 |     2 ||     4
       Scroll            |       |     7 ||     7
 Stab: Sleeping          |     2 |       ||     2
  Eat: Chunk             |       |     5 ||     5
       Ration            |       |     1 ||     1
Armor: Robe              |     5 |       ||     5
       Ring mail         |    36 |    53 ||    89
Dodge: Dodged            |    75 |    90 ||   165

Table legend:
 A = Spawn XP
 B = Non-spawn XP
 C = Spawn XP percentage of total XP
 D = Spawn monster count
 E = Non-spawn monster count
 F = Spawn count percentage of total count
 G = Total turns spent on level
                    A         B        C        D         E        F      G
               +---------+---------+-------+---------+---------+-------+---------
         Total |       0 |     413 |   0.0 |       0 |      72 |   0.0 |  3280
               +---------+---------+-------+---------+---------+-------+---------
           D:1 |       0 |      32 |   0.0 |       0 |      19 |   0.0 |  1232
           D:2 |       0 |      92 |   0.0 |       0 |      26 |   0.0 |   775
           D:3 |       0 |     131 |   0.0 |       0 |      21 |   0.0 |  1051
           D:4 |       0 |     158 |   0.0 |       0 |       6 |   0.0 |   222
               +---------+---------+-------+---------+---------+-------+---------
